 Dungeon Crawl Stone Soup version 0.29.0-5-ge4962eb29e (webtiles) character file.

Game seed: 295323038583194427

44 RascalDebosk the Grave Robber (level 3, -4/24 HPs)
             Began as a Human Necromancer on Aug 28, 2022.
             Slain by a gnoll
             ... wielding a +0 spear
              (7 damage)
             ... on level 2 of the Dungeon.
             The game lasted 00:13:27 (1277 turns).

RascalDebosk the Grave Robber (Human Necromancer)   Turns: 1277, Time: 00:13:28

Health: -4/24      AC:  2    Str:  8    XL:     3   Next: 85%
Magic:  0/6        EV: 12    Int: 17    God:
Gold:   60         SH:  0    Dex: 13    Spells: 0/6 levels left

rFire   . . .      SeeInvis .   d - +2 dagger (elec)
rCold   . . .      Faith    .   (no shield)
rNeg    . . .      Spirit   .   a - +0 robe
rPois   .          Reflect  .   (no helmet)
rElec   .          Harm     .   (no cloak)
rCorr   .          Rampage  .   (no gloves)
Will    .....                   (no boots)
Stlth   ++........              (no amulet)
HPRegen 0.08/turn               (no ring)
MPRegen 0.10/turn               (no ring)

@: hasted, very quick
A: no striking features
a: no special abilities


You were on level 2 of the Dungeon.
You visited 1 branch of the dungeon, and saw 2 of its levels.

You collected 60 gold pieces.

Inventory:

Hand Weapons
 d - a +2 dagger of electrocution (weapon)
 j - a +0 spear
Armour
 a - a +0 robe (worn)
Jewellery
 n - a ring of fire
 o - an amulet of guardian spirit
Scrolls
 e - a scroll of identify {unknown}
 f - a scroll of brand weapon {unknown}
 g - a scroll of poison {unknown}
 h - a scroll of vulnerability {unknown}
 k - a scroll of teleportation {unknown}
 m - a scroll of acquirement {unknown}
Potions
 b - a potion of magic
 i - a potion of cancellation {unknown}
 l - a potion of mutation {unknown}


   Skills:
 + Level 2.5 Dodging
 + Level 2.6 Stealth
 + Level 2.4 Spellcasting
 + Level 4.3 Necromancy


You couldn't memorise any spells.
You knew the following spells:

 Your Spells              Type           Power      Damage    Failure   Level
a - Necrotise             Necr           64%        1d7       3%          1
b - Vampiric Draining     Necr           16%        2d7       10%         3
c - Passwall              Tmut/Erth      1%         N/A       28%         2

Your spell library contained the following spells:

 Spells                   Type           Power      Damage    Failure   Level
 Sandblast                Erth           4%         2d4       19%         1
 Animate Dead             Necr           16%        N/A       30%         4
 Stone Arrow              Conj/Erth      4%         3d7       50%         3
 Agony                    Necr           16%        N/A       65%         5


Dungeon Overview and Level Annotations

Branches:
Dungeon (2/15)

Altars:

Shops:
D:2 (=*


Message History

You kill the adder!
The dead are slithering!
You feel sick.
Your bat skeleton misses the goblin.
Your bat skeleton closely misses the goblin.
The goblin hits your bat skeleton with a +0 dagger.
The hobgoblin hits you.
Your bat skeleton barely misses the goblin.
You feel sick.
Your bat skeleton hits the goblin.
Your bat skeleton barely misses the goblin.
The goblin hits your bat skeleton with a +0 dagger.
Your bat skeleton is destroyed!
Your adder skeleton bites the hobgoblin but does no damage.
You hit the hobgoblin.
The hobgoblin is severely wounded.
You feel sick.
Your adder skeleton barely misses the hobgoblin.
The hobgoblin hits you.
* * * LOW HITPOINT WARNING * * *
You hit the hobgoblin.
You kill the hobgoblin!
You feel sick.
Your adder skeleton barely misses the goblin.
The goblin hits your adder skeleton with a +0 dagger.
Your magical contamination has completely faded away.
You feel sick.
Your adder skeleton bites the goblin.
The goblin dies!
You feel sick.
Your adder skeleton closely misses the gnoll.
It was a potion of haste.
You feel yourself speed up.
You feel sick.
You are no longer poisoned.
Your adder skeleton bites the gnoll.
The gnoll completely misses you. The worm bites your adder skeleton.
Aiming: Necrotise (safe; 3% risk of failure)
Press: ? - help, Q - select action Shift-Dir - straight line, f - gnoll
Aim: a gnoll, wielding a +0 spear (moderately wounded, ally target, chance to affect: 80%)
The gnoll writhes in agony.
Your adder skeleton bites the gnoll.
Something bites your adder skeleton.
The adder barely misses your adder skeleton.
The gnoll hits you from afar with a +0 spear!
You die...

# #...#.####.# ..
###.......)......#..# .........#
#.##.#.#.## ....†....#
#......... ##
.........###........# #.#.
#.#...#.......#.#...# .....
#.#...........#.....# #.....
.)#...#.##⌠.⌠.##...# ###[.....
..#...#.##.∩..##@..#####.)#.....
#.......##⌠.⌠.....g#...g......>.
...............#.##Z.g##.##.....
#.#..<#..#####.#......##.# ...
#.#.#.#..# #.####...##.# .
#......... #.# ######.#
##..#.##.# #.# #.. ......# ..
..# ### ..###.# . .##


You could see a gnoll (ally target), a goblin and a friendly adder skeleton.

Vanquished Creatures
  An adder (D:2)
  A dart slug (D:1)
  4 bats
  An endoplasm (D:1)
  6 hobgoblins
  2 kobolds (D:1)
  2 quokkas
  4 ball pythons
  2 frilled lizards
  4 goblins
  3 rats
30 creatures vanquished.

Vanquished Creatures (collateral kills)
  A goblin (D:2)
1 creature vanquished.

Grand Total: 31 creatures vanquished

Notes
Turn   | Place    | Note
-------+----------+-------------------------------------------
     0 | D:1      | RascalDebosk the Human Necromancer began the quest for the
                  | Orb.
     0 | D:1      | Reached XP level 1. HP: 13/13 MP: 3/3
    59 | D:1      | Reached XP level 2. HP: 13/19 MP: 3/5
   798 | D:1      | Reached XP level 3. HP: 24/24 MP: 4/6
   870 | D:1      | Learned a level 3 spell: Vampiric Draining
   880 | D:1      | Learned a level 2 spell: Passwall
  1019 | D:2      | Found Ubunun's Jewellery Shoppe.
  1034 | D:2      | Found Cazubb's General Store.
  1109 | D:2      | Found Jitocar's Weapon Emporium.
  1277 | D:2      | Slain by a gnoll

Illustrated notes

Levels and vault maps discovered:
D:1:      amcnicky_arrival_blooded_trapdoor, layout_basic, serial_glass,
          glass_columns_a, glass_columns_a, item_on_display_a,
          minmay_misc_feat_tiny
D:2:      layout_loops_cross, serial_shops, nicolae_shop_advertising_works
          [nicolae_subvault_shop_adworks], shop_fountains, shop,
          nicolae_shop_waterfront, nicolae_shop_crystal, minmay_misc_feat_cross,
          st_stairs_4, patterned_corridor, uniq_jessica

Action                   || total
-------------------------++-------
Melee: Dagger            ||    23
       Punch             ||     1
 Cast: Necrotise         ||    35
       Passwall          ||     2
  Use: Potion            ||     1
Armor: Robe              ||     7
Dodge: Dodged            ||    22
